 Dungeon Crawl Stone Soup version 0.23.1 (webtiles) character file.

Game seed: 0

551 Fang the Skirmisher (level 7, -4/44 HPs)
             Began as a Gargoyle Berserker on Mar 7, 2019.
             Was an Elder of Trog.
             Slain by a gnoll
             ... wielding a +1 spear of piercing
              (5 damage)
             ... on level 4 of the Dungeon.
             The game lasted 00:08:04 (3466 turns).

Fang the Skirmisher (Gargoyle Berserker)            Turns: 3466, Time: 00:08:05

Health: -4/44      AC:  9    Str: 22    XL:     7   Next: 29%
Magic:  7/7        EV: 13    Int:  8    God:    Trog [****..]
Gold:   126        SH:  0    Dex: 12    Spells: 6/6 levels left

rFire    . . .     SeeInvis +   p - +0 battleaxe
rCold    . . .     Gourm    .   (shield currently unavailable)
rNeg     + . .     Faith    .   b - +0 animal skin
rPois    ∞         Spirit   .   m - +1 helmet
rElec    +         Reflect  .   (no cloak)
rCorr    .         Harm     .   (no gloves)
MR       .....                  (no boots)
Stlth    +.........             (no amulet)
HPRegen  0.14/turn              k - +3 ring of dexterity
MPRegen  0.10/turn              v - ring of see invisible

@: berserk cooldown, slowed, very slow
A: negative energy resistance 1, electricity resistance, unbreathing,
petrification resistance, rot immunity, AC +4
a: Berserk, Trog's Hand, Brothers in Arms, Renounce Religion


You were on level 4 of the Dungeon.
You worshipped Trog.
Trog was greatly pleased with you.
You were hungry.

You visited 1 branch of the dungeon, and saw 4 of its levels.
You also visited: Sewer.

You collected 126 gold pieces.

Inventory:

Hand Weapons
 p - a +0 battleaxe (weapon)
Armour
 b - a +0 animal skin (worn)
 m - a +1 helmet (worn)
Jewellery
 k - a +3 ring of dexterity (left hand)
 v - a ring of see invisible (right hand)
Scrolls
 d - 3 scrolls of magic mapping {unknown}
 i - a scroll of enchant armour {unknown}
 j - 2 scrolls of identify {unknown}
 l - 2 scrolls of blinking {unknown}
 n - a scroll of amnesia {unknown}
 q - 2 scrolls of remove curse {unknown}
 r - a scroll of immolation {unknown}
 s - 2 scrolls of teleportation {unknown}
Potions
 a - 2 potions of haste {unknown}
 e - a potion of flight {unknown}
 g - 2 potions of resistance {unknown}
 h - a potion of heal wounds {unknown}
 o - a potion of agility {unknown}
 t - a potion of curing {unknown}
 u - 2 potions of magic {unknown}
Comestibles
 c - 6 rations
 f - 2 chunks of flesh


   Skills:
 + Level 5.2 Fighting
 + Level 4.3 Axes
 + Level 4.6 Armour
 + Level 3.4 Dodging


You had 6 spell levels left.
You didn't know any spells.
Your spell library was empty.

Dungeon Overview and Level Annotations

Branches:
Dungeon (4/15)
 Temple: D:4-7

Altars:
Kikubaaqudgha
Sif Muna
Yredelemnul
The Shining One


Innate Abilities, Weirdness & Mutations

You are resistant to torment.
Your stone body is resilient. (AC +4)
You are immune to poison.
You resist negative energy. (rN+)
You are resistant to electric shocks. (rElec)
You can survive without breathing.
You are immune to petrification.
You are immune to rotting.


Message History

The gnoll hits you with a +1 spear of piercing.
* * * LOW HITPOINT WARNING * * *
x2 The gnoll hits you with a +1 spear of piercing.
* * * LOW HITPOINT WARNING * * *
x2 The gnoll closely misses you.
The gnoll barely misses you. The gnoll closely misses you.
The gnoll hits you but does no damage.
Things that are here:
13 gold pieces; a +0 spear; a gnoll corpse The gnoll hits you but does no damage.
The gnoll hits you with a +1 spear of piercing.
* * * LOW HITPOINT WARNING * * *
x2
Things that are here:
a +0 spear; a gnoll corpse You barely miss the gnoll.
The gnoll is lightly wounded.
The gnoll hits you with a +1 spear of piercing.
* * * LOW HITPOINT WARNING * * *
x2 The gnoll hits you with a +1 spear of piercing.
You die...

.. #. # #. # ..
##.##.########.# ...
#.....#......... #.#
#.# #...........
#..###.####..........
#.........#$g........
#.........)@.........
#.........##..###...
#...<...%####..# .>
#........# #.# #
............# .#
..##........# .. .
............ ###
#.##.###>###.# #. #.
##. ...


You could see a gnoll.

Vanquished Creatures
  Grinder (D:3)
  Purgy (Sewer)
  A hound (D:3)
  A gnoll shaman (D:4)
  5 adders
  4 gnolls (D:4)
  2 oozes (D:2)
  2 adder zombies (D:3)
  6 worms
  2 dart slugs
  5 leopard geckos
  4 orcs (D:3)
  7 bats
  11 giant cockroaches
  4 goblins
  16 hobgoblins
  2 jackals (D:2)
  3 quokkas
  4 ball pythons
  9 frilled lizards
  9 kobolds
  A leopard gecko zombie (D:3)
  9 rats
109 creatures vanquished.

Notes
Turn   | Place    | Note
-------+----------+-------------------------------------------
     0 | D:1      | Fang the Gargoyle Berserker began the quest for the Orb.
     0 | D:1      | Reached XP level 1. HP: 14/14 MP: 1/1
   161 | D:1      | Reached XP level 2. HP: 11/19 MP: 2/2
   708 | D:1      | Reached XP level 3. HP: 16/23 MP: 3/3
   865 | D:2      | Reached ** piety under Trog
  1261 | D:2      | Reached XP level 4. HP: 17/29 MP: 4/4
  1428 | D:2      | Found an ancient bone altar of Kikubaaqudgha.
  1464 | D:2      | Found a basalt altar of Yredelemnul.
  1471 | D:2      | Noticed a profane servitor
  1493 | D:2      | Found a glowing golden altar of the Shining One.
  1602 | D:2      | Reached skill level 4 in Fighting
  2343 | D:2      | Noticed an angel
  2452 | D:3      | Reached XP level 5. HP: 33/33 MP: 5/5
  2542 | D:3      | Reached *** piety under Trog
  2693 | D:3      | Found a glowing drain.
  2723 | Sewer    | Entered a sewer
  2758 | Sewer    | Noticed Purgy
  2769 | Sewer    | Killed Purgy
  2769 | Sewer    | Reached XP level 6. HP: 39/39 MP: 6/6
  3080 | D:3      | Found a deep blue altar of Sif Muna.
  3233 | D:3      | Noticed Grinder
  3241 | D:3      | Paralysed by Grinder for 4 turns
  3256 | D:3      | Killed Grinder
  3256 | D:3      | Reached skill level 5 in Fighting
  3256 | D:3      | Reached XP level 7. HP: 43/44 MP: 7/7
  3452 | D:4      | Reached **** piety under Trog
  3466 | D:4      | HP: 2/44 [gnoll/+1 spear of piercing (2)]
  3466 | D:4      | Slain by a gnoll

Skill      XL: |  1  2  3  4  5  6 |
---------------+-------------------+-----
Axes           | 3 4 |  4.3
Dodging        | 2 3 |  3.4
Armour         | 3 4 |  4.6
Fighting       | 4 5 |  5.2

Action                   |  1- 3 |  4- 6 |  7- 9 || total
-------------------------+-------+-------+-------++-------
Melee: Hand axe          |   143 |   139 |       ||   282
       Battleaxe         |       |   117 |    22 ||   139
Invok: Berserk           |     1 |     2 |     1 ||     4
 Stab: Sleeping          |       |     1 |       ||     1
  Eat: Chunk             |     2 |     8 |     2 ||    12
Armor: Animal skin       |    50 |   104 |    10 ||   164
Dodge: Dodged            |   100 |   244 |    30 ||   374
